 Dungeon Crawl Stone Soup version 0.29-a0-231-g945431f764 (webtiles) character file.

Game seed: 15865419566341664522

2236 croobank the Firebug (level 9, -1/62 HPs)
             Began as a Red Draconian Fire Elementalist on Mar 1, 2022.
             Slain by Joseph
             ... wielding a +0 quarterstaff
              (15 damage)
             ... on level 7 of the Dungeon.
             The game lasted 00:28:44 (7894 turns).

croobank the Firebug (DrFE)                         Turns: 7894, Time: 00:28:45

Health: -1/62      AC:  9    Str: 11    XL:     9   Next: 14%
Magic:  9/16       EV: 17    Int: 22    God:
Gold:   320        SH:  0    Dex: 12    Spells: 4/18 levels left

rFire   + + .      SeeInvis .   u - +6 short sword (distort)
rCold   + . .      Faith    .   (no shield)
rNeg    . . .      Spirit   .   (body armour unavailable)
rPois   +          Reflect  .   (helmet restricted)
rElec   .          Harm     .   h - +0 cloak
rCorr   .          Rampage  .   j - +0 pair of gloves
Will    .....                   (no boots)
Stlth   +++.......              (no amulet)
HPRegen 0.20/turn               A - ring "Jyhyo" {rF+ Int+3}
MPRegen 0.15/turn               q - +4 ring of evasion

@: no status effects
A: breathe fire, AC +7, unfitting armour, fire resistance 1, cold-blooded, claws
1, cold resistance 1, poison resistance
a: Breathe Fire


You were on level 7 of the Dungeon.
You visited 1 branch of the dungeon, and saw 7 of its levels.

You collected 370 gold pieces.
You spent 50 gold pieces at shops.

Inventory:

Hand Weapons
 c - a +0 dagger
 g - a +0 hunting sling
 i - a +1 war axe
 p - a +3 scimitar
 r - a +0 morningstar
 u - a +6 short sword of distortion (weapon)
 x - a +3 flail of protection
Missiles
 b - a throwing net
 d - 193 stones
 m - 2 datura-tipped darts
 o - 5 javelins
 y - 7 poisoned darts
Armour
 h - a +0 cloak (worn)
 j - a +0 pair of gloves (worn)
Jewellery
 k - a ring of willpower
 q - a +4 ring of evasion (right hand)
 A - the ring "Jyhyo" (left hand) {rF+ Int+3}
   (You found it on level 6 of the Dungeon)

   [ring of protection from fire]

   Int:       It affects your intelligence (+3).
   rF:        It protects you from fire.
 D - a ring of willpower
Wands
 w - a wand of flame (30)
 C - a wand of iceblast (14)
Scrolls
 f - 3 scrolls of vulnerability
 l - a scroll of fog
 n - a scroll of teleportation
 t - 2 scrolls of amnesia
 v - a scroll of magic mapping
 z - a scroll of enchant armour {unknown}
 E - a scroll of immolation {unknown}
Potions
 a - a potion of brilliance
 e - a potion of curing
 s - a potion of haste {unknown}
 B - a potion of invisibility {unknown}


   Skills:
 + Level 5.2 Dodging
 + Level 5.6 Stealth
 + Level 5.3 Spellcasting
 + Level 5.4 Conjurations
 + Level 7.4 Fire Magic


You had 4 spell levels left.
You knew the following spells:

 Your Spells              Type           Power      Damage    Failure   Level
a - Foxfire               Conj/Fire      100%       2x1d9     1%          1
b - Scorch                Fire           76%        2d9       1%          2
c - Flame Wave            Conj/Fire      34%        2d8       7%          4
d - Manifold Assault      Tloc           5%         N/A       95%         5
e - Blink                 Tloc           10%        N/A       16%         2

Your spell library contained the following spells:

 Spells                   Type           Power      Damage    Failure   Level
 Conjure Flame            Conj/Fire      34%        6-21      1%          3
 Inner Flame              Hex/Fire       22%        N/A       6%          3
 Sublimation of Blood     Necr           5%         N/A       16%         2
 Ozocubu's Armour         Ice            5%         N/A       30%         3
 Petrify                  Tmut/Erth      5%         N/A       69%         4
 Irradiate                Conj/Tmut      8%         3d16      65%         5
 Ozocubu's Refrigeration  Ice            2%         4d5       100%        7
 Storm Form               Tmut/Air       2%         N/A       100%        7


Dungeon Overview and Level Annotations

Branches:
Dungeon (7/15)
 Temple: D:4-7

Altars:
Kikubaaqudgha
Sif Muna
Trog

Shops:
D:1 *   D:3 *   D:4 [*   D:6 *

Annotations:
D:7 Joseph


Innate Abilities, Weirdness & Mutations

You can breathe blasts of fire.
Your fiery red scales are hard. (AC +7)
You cannot fit into any form of body armour.
Your flesh is heat resistant. (rF+)
You are cold-blooded and may be slowed by cold attacks.
You have sharp fingernails.
Your flesh is cold resistant. (rC+)
Your system is resistant to poisons. (rPois)


Message History

Casting: Foxfire (safe; 1% risk of failure)
Confirm with . or Enter, or press ? or * to list all spells.
You conjure some foxfire!
Casting: Foxfire (safe; 1% risk of failure)
Confirm with . or Enter, or press ? or * to list all spells.
You conjure some foxfire!
Your foxfire dissipates! x2
Casting: Foxfire (safe; 1% risk of failure)
Confirm with . or Enter, or press ? or * to list all spells.
Flames lash Joseph.
Joseph is lightly wounded.
Joseph's fire resistance burns away.
The foxfire hits Joseph.
Joseph is burned terribly!
Joseph is lightly wounded.
The foxfire hits Joseph but does no damage.
Joseph is lightly wounded.
Joseph shoots a sling bullet.
The sling bullet hits you.
Joseph unwields a +3 hunting sling.
Joseph wields a +0 quarterstaff.
Joseph misses you.
You hit Joseph.
Space warps horribly around Joseph!!
Joseph is heavily wounded.
Joseph closely misses you.
You hit Joseph but do no damage.
Joseph is heavily wounded.
Joseph blinks!
Joseph unwields a +0 quarterstaff.
Joseph wields a +3 hunting sling.
Joseph shoots a sling bullet.
The sling bullet hits you!
Casting: Scorch (safe; 1% risk of failure)
Confirm with . or Enter, or press ? or * to list all spells.
Flames lash Joseph.
Joseph is burned terribly!
Joseph is severely wounded.
Joseph shoots a sling bullet.
The sling bullet hits you!
Joseph shoots a sling bullet.
The sling bullet hits you!
Joseph unwields a +3 hunting sling.
Joseph wields a +0 quarterstaff.
Joseph hits you with a +0 quarterstaff.
* * * LOW HITPOINT WARNING * * *
You hit Joseph but do no damage. You tail-slap Joseph, but do no damage.
Joseph is severely wounded.
Joseph blinks!
Joseph hits you with a +0 quarterstaff!
You die...

#.# #.........# ....
#.# #..#####..# ..##
#.# #..# #..# # #.#
##..# #..# # #.#
#...# #..#
#.#######..######..#
#)).)>).÷.......#...
#########§.####.##..
#@.# # #.@####.##..#
#..).).......
##.####.##... #.. ..
#### ... ###


You could see Joseph (combustible).

Vanquished Creatures
  A troll (D:6)
  Grinder (D:4)
  Menkaure (D:4)
  Edmund (D:5)
  2 water moccasins
  2 ogres
  3 bullfrogs
  A scorpion (D:6)
  3 wights (D:4)
  A howler monkey (D:6)
  3 hounds
  2 orc priests
  Ijyb (D:5)
  5 iguanas
  Natasha (twice) (D:3)
  6 orc wizards
  A mummy (D:5)
  2 adders
  6 gnolls (D:5)
  A shadow imp (D:7)
  A worm (D:4)
  2 dart slugs
  9 orcs
  9 bats
  6 endoplasms
  3 giant cockroaches
  4 goblins
  4 hobgoblins
  6 jackals (D:1)
  3 kobolds
  2 quokkas
  2 ball pythons
  A frilled lizard (D:2)
  A goblin zombie (D:5)
  An orc zombie (D:5)
  2 rats
101 creatures vanquished.

Vanquished Creatures (collateral kills)
  A hobgoblin (D:3)
  A kobold (D:3)
2 creatures vanquished.

Vanquished Creatures (others)
  159 foxfires
159 creatures vanquished.

Grand Total: 262 creatures vanquished

Notes
Turn   | Place    | Note
-------+----------+-------------------------------------------
     0 | D:1      | croobank the Draconian Fire Elementalist began the quest
                  | for the Orb.
     0 | D:1      | Reached XP level 1. HP: 14/14 MP: 3/3
   306 | D:1      | Found a faded altar of an unknown god.
   362 | D:1      | Reached XP level 2. HP: 20/20 MP: 0/5
   373 | D:1      | Learned a level 2 spell: Scorch
   811 | D:1      | Found Muocy's Assorted Antiques.
  1529 | D:2      | Reached XP level 3. HP: 26/26 MP: 1/6
  1792 | D:2      | Identified the +2 robe of Sin {rCorr Int+3 Stlth+}
  2587 | D:3      | Noticed Grinder
  2688 | D:3      | Found Tiboxiarche's General Store.
  2727 | D:4      | Paralysed by Grinder for 5 turns
  2897 | D:3      | Found a bloodstained altar of Trog.
  2900 | D:3      | Found an ancient bone altar of Kikubaaqudgha.
  2905 | D:3      | Found a shimmering blue altar of Sif Muna.
  3069 | D:3      | Noticed Natasha
  3075 | D:3      | Killed Natasha
  3076 | D:3      | Reached XP level 4. HP: 30/33 MP: 2/7
  3140 | D:3      | Noticed Natasha
  3217 | D:3      | Killed Natasha
  3357 | D:4      | Gained mutation: You tend to lose your temper in combat.
                  | [potion of mutation]
  3357 | D:4      | Gained mutation: You are dopey. (Int -2) [potion of
                  | mutation]
  3357 | D:4      | Gained mutation: Your muscles are strong. (Str +2) [potion
                  | of mutation]
  3358 | D:4      | Lost mutation: Your muscles are strong. (Str +2) [potion of
                  | mutation]
  3358 | D:4      | Lost mutation: You tend to lose your temper in combat.
                  | [potion of mutation]
  3358 | D:4      | Lost mutation: You are dopey. (Int -2) [potion of mutation]
  3358 | D:4      | Gained mutation: You have sharp fingernails. [potion of
                  | mutation]
  3358 | D:4      | Gained mutation: Your system is resistant to poisons.
                  | (rPois) [potion of mutation]
  3358 | D:4      | Gained mutation: Your flesh is cold resistant. (rC+)
                  | [potion of mutation]
  3445 | D:4      | You fall into a shaft and drop 1 floor!
  3445 | D:5      | Entered Level 5 of the Dungeon
  3452 | D:5      | Reached XP level 5. HP: 38/38 MP: 4/9
  3508 | D:5      | Noticed an ogre
  3533 | D:4      | Killed an ogre
  3709 | D:4      | Killed Grinder
  3710 | D:4      | Reached skill level 4 in Fire Magic
  3710 | D:4      | Reached XP level 6. HP: 39/45 MP: 0/11
  3819 | D:4      | Your scales start taking on a fiery red colour.
  3819 | D:4      | Reached skill level 5 in Fire Magic
  3819 | D:4      | Reached XP level 7. HP: 38/50 MP: 8/12
  3819 | D:4      | Gained mutation: Your flesh is heat resistant. (rF+) [Red
                  | Draconian growth]
  3935 | D:4      | Learned a level 4 spell: Flame Wave
  3941 | D:4      | Learned a level 5 spell: Manifold Assault
  3977 | D:4      | Found Raxzum's Armour Emporium.
  4004 | D:4      | Found Roibast's General Store.
  4008 | D:4      | Found Vulustuec's Specific Store.
  4012 | D:4      | Bought 2 datura-tipped darts for 10 gold pieces
  4018 | D:4      | Bought a potion of might for 40 gold pieces
  4257 | D:4      | Noticed Menkaure
  4260 | D:4      | Killed Menkaure
  4991 | D:5      | Reached skill level 6 in Fire Magic
  4994 | D:5      | Learned a level 2 spell: Blink
  5126 | D:5      | Reached XP level 8. HP: 42/57 MP: 5/14
  5416 | D:5      | Noticed Edmund
  5424 | D:5      | Killed Edmund
  5610 | D:5      | Noticed Ijyb
  5616 | D:5      | Killed Ijyb
  6117 | D:5      | Identified a scroll of acquirement
  6117 | D:5      | Acquired a +4 ring of evasion
  6197 | D:6      | Noticed a troll
  6209 | D:6      | Killed a troll
  6210 | D:6      | Reached skill level 5 in Stealth
  6360 | D:6      | Reached skill level 5 in Spellcasting
  6360 | D:6      | Reached skill level 5 in Conjurations
  6360 | D:6      | Reached skill level 7 in Fire Magic
  6386 | D:6      | Identified the ring "Jyhyo" {rF+ Int+3}
  6455 | D:6      | Found Luysaox's Luxury Loot.
  6708 | D:6      | Reached skill level 5 in Dodging
  7139 | D:7      | Reached XP level 9. HP: 32/62 MP: 16/16
  7340 | D:7      | Noticed Joseph
  7894 | D:7      | Slain by Joseph

Illustrated notes

Levels and vault maps discovered:
D:1:      dpeg_arrival_yet_another_circle, layout_basic, serial_shops, shop,
          hellmonk_ecumenical_altar_prayer_group, serial_park_tiny_pond
D:2:      layout_loops_ring
D:3:      layout_rooms, grunt_temple_overflow_diamond, serial_shops,
          nicolae_shop_hallway_stairs, uniq_natasha, uniq_grinder
D:4:      layout_basic, serial_shops, shop, nicolae_specific_store,
          nicolae_concentric_dashed_squares_wild, minmay_starry_boxes,
          uniq_menkaure
D:5:      layout_loops_cross, nicolae_ossuary_entry_giza, serial_bayou_crossing,
          uniq_edmund, uniq_ijyb
D:6:      layout_loops_ring, nicolae_alphabet_shops, corexii_hall_statues_i
D:7:      layout_loops_ring, minmay_temple_entry_mini_moons, uniq_pikel,
          uniq_joseph, uniq_duvessa

Skill      XL: |  1  2  3  4  5  6  7  8 |
---------------+-------------------------+-----
Stealth        | 2 3 4 5 |  5.6
Dodging        | 2 3 4 5 |  5.2
Conjurations   | 2 3 4 5 |  5.4
Spellcasting   | 3 4 5 |  5.3
Fire Magic     | 4 5 6 7 |  7.4

Action                   |  1- 3 |  4- 6 |  7- 9 || total
-------------------------+-------+-------+-------++-------
Melee: Unarmed           |    11 |       |       ||    11
       Dagger            |    25 |    37 |    10 ||    72
       Tailslap          |     1 |     9 |    10 ||    20
       Short sword       |       |       |    49 ||    49
       Punch             |       |       |     2 ||     2
 Cast: Foxfire           |    49 |    11 |    39 ||    99
       Scorch            |    13 |    15 |    51 ||    79
 Abil: Breathe Fire      |       |       |     7 ||     7
Evoke: Wand              |     6 |       |     1 ||     7
  Use: Potion            |     6 |     2 |     4 ||    12
       Scroll            |     5 |     3 |    11 ||    19
Armor: Skin              |    22 |    11 |    13 ||    46
Dodge: Dodged            |    48 |    22 |    48 ||   118

Table legend: (Time is in decaauts)
 A = Elapsed time spent in this place.
 B = Non-inter-level travel time spent in this place.
 C = Inter-level travel time spent in this place.
 D = Time resting spent in this place.
 E = Time spent auto-exploring this place.
 F = Levels seen in this place.
 G = Mean time per level.
                   A        B        C        D        E       F      G
               +--------+--------+--------+--------+--------+-----+--------+
         Total |   7905 |   7735 |    170 |    788 |   5825 |   7 | 1129.3 |
       Dungeon |   7905 |   7735 |    170 |    788 |   5825 |   7 | 1129.3 |
               +--------+--------+--------+--------+--------+-----+--------+

Top non-repeatable levels by time:
     D:4: 1547 daAuts
     D:1: 1525 daAuts
     D:5: 1314 daAuts
     D:2: 971 daAuts
     D:7: 894 daAuts
     D:6: 858 daAuts
     D:3: 793 daAuts
